 Dungeon Crawl Stone Soup version 0.25-a0-1073-gf4359a17dd (webtiles) character file.

Game seed: 12066575176186511878, levelgen mode: deterministic

1118 Flugslaktarn the Chopper (level 8, -9/42 HPs)
             Began as a Vine Stalker Fighter on May 14, 2020.
             Was a Believer of Makhleb.
             Killed by divine providence
             ... invoked by an orc priest
              (11 damage)
             ... on level 6 of the Dungeon.
             The game lasted 00:02:49 (4594 turns).

Flugslaktarn the Chopper (Vine Stalker Fighter)     Turns: 4594, Time: 00:02:50

Health: -9/42      AC:  8    Str: 20    XL:     8   Next: 34%
Magic:  0/11       EV:  7    Int:  8    God:    Makhleb [**....]
Gold:   307        SH: 10    Dex: 15    Spells: 7/7 levels left

rFire    . . .     SeeInvis .   a - +0 war axe
rCold    . . .     Gourm    .   c - +0 kite shield
rNeg     . . .     Faith    .   b - +0 scale mail
rPois    .         Spirit   +   g - +0 helmet (curse)
rElec    .         Reflect  .   (no cloak)
rCorr    .         Harm     .   (no gloves)
MR       +....                  (no boots)
Stlth    ..........             (no amulet)
HPRegen  0.54/turn              (no ring)
MPRegen  0.12/turn              (no ring)

@: no status effects
A: fangs 3, regeneration 1, magic shield, antimagic bite, no potion heal 3, rot
immunity
a: Minor Destruction, Renounce Religion


You were on level 6 of the Dungeon.
You worshipped Makhleb.
Makhleb was pleased with you.
You were not hungry.

You visited 1 branch of the dungeon, and saw 6 of its levels.

You collected 307 gold pieces.

Inventory:

Hand Weapons
 a - a +0 war axe (weapon)
Armour
 b - a +0 scale mail (worn)
 c - a +0 kite shield (worn)
 g - a cursed +0 helmet (worn)
   (You found it on level 1 of the Dungeon)
Jewellery
 u - a +6 ring of dexterity {unknown}
   (You found it on level 5 of the Dungeon)
Wands
 s - a wand of iceblast (11)
   (You found it on level 3 of the Dungeon)
 v - a wand of digging (4)
   (You took it off Ijyb on level 3 of the Dungeon)
Scrolls
 f - a scroll of blinking {unknown}
 l - 9 scrolls of identify {unknown}
 n - a scroll of magic mapping {unknown}
 o - a scroll of enchant armour {unknown}
 r - 2 scrolls of amnesia
 t - a scroll of teleportation
 w - a scroll of immolation {unknown}
 x - a scroll of remove curse {unknown}
 y - a scroll of noise {unknown}
Potions
 h - a potion of resistance {unknown}
 i - a potion of cancellation {unknown}
 j - 2 potions of degeneration {unknown}
 k - 2 potions of invisibility {unknown}
 m - 2 potions of flight {unknown}
 p - a potion of haste {unknown}
 q - 5 potions of curing
 z - a potion of magic {unknown}
Comestibles
 e - 7 rations


   Skills:
 + Level 4.5 Fighting
 * Level 5.5 Axes
 + Level 4.1 Armour
 + Level 4.4 Shields
 + Level 3.0 Invocations


You had 7 spell levels left.
You didn't know any spells.
Your spell library was empty.

Dungeon Overview and Level Annotations

Branches:
Dungeon (6/15)             Temple (0/1) D:4

Altars:
Hepliaklqana
Makhleb
Nemelex Xobeh
Okawaru
Qazlal
Ru
Trog


Innate Abilities, Weirdness & Mutations

You have razor-sharp teeth.
Your natural rate of healing is unusually fast.
When hurt, damage is shared between your health and your magic reserves.
Your bite disrupts and absorbs the magic of your enemies.
Potions cannot restore your health.
You are immune to rotting.


Message History

You slash the orc priest! Your bite misses the orc priest.
The orc priest is heavily wounded.
The orc priest mumbles some strange prayers to Beogh against you.
Beogh smites you!
* * * LOW HITPOINT WARNING * * *
The orc priest mumbles some strange prayers to Beogh against you.
Beogh smites you!
* * * LOW HITPOINT WARNING * * *
You hear a shout!
You are too injured to fight recklessly!
You hit the orc priest. Your bite misses the orc priest.
The orc priest is heavily wounded.
You block the orc priest's attack.
The orc priest begins to cast a cantrip, but forgets the words!
You slash the orc priest!
You kill the orc priest!
Makhleb accepts your kill.
The orc priest mumbles some strange prayers to Beogh against you.
Beogh smites you!
You die...

..........
........o.#
........o.#
..........####
.........oo..#
)..........o.#####
.............o.oo#
.............###)#
.............# #@#
..........#### #.#
.###.####.# #.# .#
#..# #.# #.#
.####.###.### #.#
##.....#..... ..#
##.##..#..########
#.............#
#.........###.####


You could see 2 orc priests.

Vanquished Creatures
  An ice beast (D:5)
  2 ogres
  A centaur (D:5)
  2 howler monkeys (D:5)
  A bullfrog zombie (D:5)
  2 hounds (D:4)
  4 orc priests
  Ijyb (D:3)
  A centaur skeleton (D:4)
  4 orc wizards (D:5)
  Terence (D:2)
  2 iguanas
  2 worker ants (D:5)
  A hound zombie (D:5)
  6 adders
  An adder skeleton (D:4)
  An adder zombie (D:5)
  8 worms
  A dart slug (D:2)
  3 leopard geckos
  15 orcs
  11 bats
  3 giant cockroaches
  3 goblins
  9 hobgoblins
  6 jackals
  2 quokkas
  A ball python (D:5)
  4 frilled lizards
  A jackal skeleton (D:4)
  5 kobolds
  8 rats
113 creatures vanquished.

Notes
Turn   | Place    | Note
-------+----------+-------------------------------------------
     0 | D:1      | Flugslaktarn the Vine Stalker Fighter began the quest for
                  | the Orb.
     0 | D:1      | Reached XP level 1. HP: 11/11 MP: 2/2
   192 | D:1      | Reached skill level 2 in Axes
   198 | D:1      | Reached XP level 2. HP: 16/16 MP: 3/3
   910 | D:2      | Reached XP level 3. HP: 7/20 MP: 2/4
  1223 | D:2      | Noticed a moth of wrath
  1226 | D:2      | Found a bloodstained altar of Trog.
  1234 | D:2      | HP: 1/20 [giant cockroach (2)]
  1619 | D:2      | Gained mutation: Your natural rate of healing is unusually
                  | fast. [Vine Stalker growth]
  1619 | D:2      | Reached XP level 4. HP: 19/24 MP: 3/5
  1682 | D:2      | Noticed Terence
  1689 | D:2      | Killed Terence
  1691 | D:2      | Reached skill level 3 in Axes
  2070 | D:3      | Found a burning altar of Makhleb.
  2107 | D:3      | Became a worshipper of Makhleb the Destroyer
  2162 | D:3      | Reached XP level 5. HP: 27/28 MP: 6/6
  2430 | D:3      | Found a sparkling altar of Nemelex Xobeh.
  2460 | D:3      | Found a stormy altar of Qazlal.
  2463 | D:3      | Found a hazy altar of Hepliaklqana.
  2466 | D:3      | Found a sacrificial altar of Ru.
  2770 | D:3      | Noticed Ijyb
  2780 | D:3      | Killed Ijyb
  2820 | D:4      | Found an iron altar of Okawaru.
  3011 | D:4      | Found a staircase to the Ecumenical Temple.
  3028 | D:4      | Noticed an ogre
  3036 | D:4      | Killed an ogre
  3036 | D:4      | Reached skill level 1 in Invocations
  3036 | D:4      | Reached XP level 6. HP: 10/32 MP: 1/7
  3401 | D:4      | Reached skill level 4 in Axes
  3486 | D:4      | Reached * piety under Makhleb
  3578 | D:5      | Entered Level 5 of the Dungeon
  3596 | D:5      | Reached XP level 7. HP: 10/37 MP: 3/9
  3932 | D:5      | Reached skill level 5 in Axes
  3932 | D:5      | Gained mutation: You have razor-sharp teeth. [Vine Stalker
                  | growth]
  3932 | D:5      | Reached XP level 8. HP: 20/42 MP: 4/11
  4159 | D:5      | Reached ** piety under Makhleb
  4592 | D:6      | HP: 1/42 [orc priest/divine providence (10)]
  4594 | D:6      | Killed from afar by an orc priest

Illustrated notes

Levels and vault maps discovered:
D:1:      minmay_arrival_four_houses, layout_loops_ring
D:2:      layout_loops_cross, tgw_trog, uniq_terence
D:3:      layout_basic, lemuel_doored_altar, grunt_temple_overflow_cloverleaf,
          minmay_misc_feat_cross, hangedman_decor_clover_reticule, uniq_ijyb
D:4:      layout_loops_ring, kennysheep_mini, minmay_temple_entry_fiery,
          first_ration
D:5:      layout_loops_cross
D:6:      layout_basic, portal_sewer_entry_b, serial_shops, shop, uniq_maggie

Skill      XL: |  1  2  3  4  5  6  7  8 |
---------------+-------------------------+-----
Axes           | 2 3 4 5 |  5.5
Fighting       | 3 4 |  4.5
Shields        | 3 4 |  4.4
Armour         | 3 4 |  4.1
Invocations    | 1 2 3 |  3.0

Action                   |  1- 3 |  4- 6 |  7- 9 || total
-------------------------+-------+-------+-------++-------
Melee: War axe           |   108 |   149 |   118 ||   375
       Bite              |    18 |    47 |    29 ||    94
  Use: Potion            |     1 |     1 |       ||     2
       Scroll            |       |       |     2 ||     2
  Eat: Chunk             |     2 |     7 |     3 ||    12
Armor: Scale mail        |    48 |    64 |    40 ||   152
Dodge: Dodged            |    37 |    51 |    35 ||   123
Block: Kite shield       |    65 |    83 |    71 ||   219

Table legend:
 A = Non-vault XP
 B = Vault XP
 C = Vault XP percentage of total XP
 D = Non-vault monster count
 E = Vault monster count
 F = Vault count percentage of total count
                 A         B        C        D         E       F
            +---------+---------+-------+---------+---------+-------
      Total |    1509 |      89 |   5.6 |     106 |       7 |   6.2
            +---------+---------+-------+---------+---------+-------
        D:1 |      22 |       0 |   0.0 |      13 |       0 |   0.0
        D:2 |      83 |      49 |  37.1 |      23 |       6 |  20.7
        D:3 |      52 |      40 |  43.5 |      17 |       1 |   5.6
        D:4 |     269 |       0 |   0.0 |      13 |       0 |   0.0
        D:5 |     992 |       0 |   0.0 |      34 |       0 |   0.0
        D:6 |      91 |       0 |   0.0 |       6 |       0 |   0.0
            +---------+---------+-------+---------+---------+-------
